 Dungeon Crawl Stone Soup version 0.31-a0-4-gefa6de2278 (webtiles) character file.

Game seed: 8582016812591566814

6 Anon1729 the Poker (level 1, 18/18 HPs)
             Began as a Merfolk Monk on May 4, 2023.
             Quit the game on level 1 of the Dungeon.
             The game lasted 00:00:16 (178 turns).

Anon1729 the Poker (Merfolk Monk)                    Turns: 178, Time: 00:00:17

Health: 18/18      AC:  4    Str: 11    XL:     1   Next: 90%
Magic:  1/1        EV: 14    Int:  9    God:
Gold:   12         SH:  0    Dex: 16    Spells: 0/0 levels left

rFire   . . .        a - +0 spear
rCold   . . .        d - orb {light}
rNeg    . . .        g - +2 robe {Will+}
rPois   .            (no helmet)
rElec   .            (no cloak)
rCorr   .            (no gloves)
SInv    .            (no boots)
Will    +....        (no amulet)
Stlth   +            (no ring)
HPRegen 0.23/turn    (no ring)
MPRegen 0.07/turn

%: no passive effects
@: glowing
A: (nimble swimmer 2), mertail
a: no special abilities


You were on level 1 of the Dungeon.
You visited 1 branch of the dungeon, and saw 1 of its levels.

You collected 12 gold pieces.

Inventory:

Hand Weapons
 a - a +0 spear (weapon)
Armour
 b - a +0 robe
 d - an orb of light (worn)
 g - a +2 robe of willpower (worn)
Scrolls
 e - a scroll of immolation {unknown}
Potions
 c - a potion of ambrosia
 f - 2 potions of flight {unknown}


   Skills:
 + Level 3.4 Fighting
 + Level 4.2 Polearms
 + Level 4.2 Dodging


You couldn't memorise any spells.
You didn't know any spells.
Your spell library was empty.

Dungeon Overview and Level Annotations

Branches:
Dungeon (1/15)

Altars:


Innate Abilities, Weirdness & Mutations

((You are very nimble when in or above water. (Stealth+, EV+, Speed+++)))
Your lower body shifts to a powerful aquatic tail in water.


Message History

Your legs become a tail as you enter the water.
f - 2 murky grey potions Your legs become a tail as you enter the water.
Found a stone staircase leading down.
You now have 12 gold pieces.
You see here a +2 robe of willpower.
No target in view!
No target in view!
No target in view!
No target in view!
A kobold and a bat come into view.
The kobold shouts!
There are monsters nearby!
There are monsters nearby!
There are monsters nearby!
You reach to attack!
You hit the bat.
You kill the bat!
You hit the kobold.
You kill the kobold!
No target in view!
No target in view!
No target in view!
No target in view!
No target in view!
No target in view!
No target in view!
No target in view!
No target in view!
No target in view!
No target in view!
No target in view!
You see here a +2 robe of willpower.
You start removing your armour.
You continue taking off your +0 robe. x4
You finish taking off your +0 robe.
You start putting on your armour.
You continue putting on your +2 robe of willpower. x5
You finish putting on your +2 robe of willpower.
You feel strong-willed.
Okay, then.
Are you sure you want to abandon this character and quit the game? (Confirm with "yes".)

. #...# ...########
#...#
##........########...#
......).....@........#
##.......##.######...#
#.....†.##....###...#
.........#####..##...#
.........######..##.##
...............#.....#
###########....###.#.#
#....# #.#.# #....#
#.#.###


There were no monsters in sight!

Vanquished Creatures
  A goblin (D:1)
  2 bats (D:1)
  3 kobolds (D:1)
6 creatures vanquished.

Notes
Turn   | Place    | Note
-------+----------+-------------------------------------------
     0 | D:1      | Anon1729 the Merfolk Monk began the quest for the Orb.
     0 | D:1      | Reached XP level 1. HP: 18/18 MP: 1/1
   178 | D:1      | Quit the game

Illustrated notes

Levels and vault maps discovered:
D:1:      dpeg_arrival_arbitrary_a, layout_rooms,
          shapermc_ecumenical_altar_acropolis, minmay_gold_behind_fungi,
          serial_bayou_ford_a

Action                     || total
---------------------------++-------
  Melee: Spear             ||    19
 Armour: Robe              ||     1
  Dodge: Dodged            ||    14

Table legend: (Time is in decaauts)
 A = Elapsed time spent in this place.
 B = Non-inter-level travel time spent in this place.
 C = Inter-level travel time spent in this place.
 D = Time resting spent in this place.
 E = Time spent auto-exploring this place.
 F = Levels seen in this place.
 G = Mean time per level.
                   A        B        C        D        E       F      G
               +--------+--------+--------+--------+--------+-----+--------+
         Total |    175 |    175 |      0 |      0 |    128 |   1 |  175.0 |
       Dungeon |    175 |    175 |      0 |      0 |    128 |   1 |  175.0 |
               +--------+--------+--------+--------+--------+-----+--------+

Top non-repeatable levels by time:
     D:1: 175 daAuts
